AoeStats
← cowabunga

Arena

510537750Analyzed
1v1 RM · 2d ago on Oct 1, 2026· 19m 52s· 2 players
Game mode
Random Map
Map size
Tiny (2 player)
Population
200
Speed
Normal
Resources
Standard
Victory
Conquest
Starting age
Dark Age
Ending age
Imperial Age
RankedLock teamsTeams togetherTeam positionsShared explorationLock speedFull tech treeHidden civsTurbo modeCheats
Victory
Defeat
🇧🇪 Turks · Belgium
921
+15
🇦🇪 Malians · United Arab Emirates
891
-15
PEZKDOOR
11:21 Feudal Age
17:49 Castle Age
16:27 Double-Bit Axe
cowabunga
10:05 Feudal Age
12:40 Loom
14:17 Wheelbarrow
17:01 Castle Age
15:12 Double-Bit Axe
18:38 Squires
19:01 Bow Saw
18:32 Horse Collar
Connection lost

Rejoining the realm…

Still unreachable

The connection could not be restored.

Session expired

The server has moved on; the page needs a fresh start.